 Dungeon Crawl Stone Soup version 0.29-a0-322-g68df515 (webtiles) character file.

Game seed: 4507454707252995321

1004 Nithhogg the Skirmisher (level 8, -3/71 HPs)
             Began as a Hill Orc Fighter on Mar 13, 2022.
             Succumbed to Edmund's poison
             ... on level 4 of the Dungeon on Apr 8, 2022.
             The game lasted 00:10:55 (5908 turns).

Nithhogg the Skirmisher (Hill Orc Fighter)          Turns: 5908, Time: 00:10:56

Health: -3/71      AC:  9    Str: 21      XL:     8   Next: 20%
Magic:  8/8        EV: 11    Int:  8      God:
Gold:   128        SH:  0    Dex:  5 (10) Spells: 7/7 levels left

rFire   + . .      SeeInvis .   a - +1 war axe
rCold   . . .      Faith    .   (no shield)
rNeg    . . .      Spirit   .   y - +2 leather armour {rF+}
rPois   .          Reflect  .   (no helmet)
rElec   .          Harm     .   (no cloak)
rCorr   .          Rampage  +   i - +2 pair of gloves "Lokh" {Rampage}
Will    .....                   (no boots)
Stlth   +.........              (no amulet)
HPRegen 0.21/turn               (no ring)
MPRegen 0.11/turn               (no ring)

@: lethally poisoned (-3 -> -28), hasted, very quick
A: claws 1, deterioration 1, wild magic 1
a: no special abilities


You were on level 4 of the Dungeon.
You visited 1 branch of the dungeon, and saw 5 of its levels.
You also visited: Sewer.

You collected 128 gold pieces.

Inventory:

Hand Weapons
 a - a +1 war axe (weapon)
 o - a +0 long sword of draining
Missiles
 j - a throwing net (quivered)
Armour
 b - a +1 scale mail
 c - a +0 buckler
 i - the +2 pair of gloves "Lokh" (worn) {Rampage}
   (You acquired it on level 3 of the Dungeon)

   Rampage:   It bestows one free step when moving towards enemies.
 y - a +2 leather armour of fire resistance (worn)
Jewellery
 e - an amulet of magic regeneration
 r - a ring of ice
Wands
 q - a wand of polymorph (7)
Scrolls
 d - 2 scrolls of enchant weapon
 g - a scroll of identify
 k - 2 scrolls of fear
 l - 2 scrolls of teleportation
 m - a scroll of enchant armour
 n - 4 scrolls of magic mapping
 u - a scroll of fog {unknown}
Potions
 f - a potion of lignification {unknown}
 h - a potion of invisibility {unknown}
 s - a potion of brilliance
 t - a potion of heal wounds {unknown}
 v - a potion of might
 w - a potion of degeneration {unknown}


   Skills:
 + Level 6.6 Fighting
 + Level 6.5 Axes
 + Level 6.1 Armour
 + Level 3.6 Dodging
 - Level 3.2 Shields


You had 7 spell levels left.
You didn't know any spells.
Your spell library contained the following spells:

 Spells                   Type           Power      Damage    Failure   Level
 Slow                     Hex            0%         N/A       54%         1
 Sublimation of Blood     Necr           0%         N/A       67%         2
 Wereblood                Tmut           0%         N/A       67%         2
 Call Canine Familiar     Summ           0%         N/A       88%         3
 Confusing Touch          Hex            0%         N/A       88%         3
 Portal Projectile        Hex/Tloc       0%         N/A       88%         3
 Vampiric Draining        Necr           0%         2d6       88%         3
 Leda's Liquefaction      Hex/Erth       0%         N/A       99%         4
 Summon Hydra             Summ           0%         N/A       100%        7


Dungeon Overview and Level Annotations

Branches:
Dungeon (5/15)              Sewer (visited)
 Temple: D:4-7

Altars:
Cheibriados
Fedhas
Hepliaklqana
Nemelex Xobeh
Sif Muna
Wu Jian
Yredelemnul
The Shining One

Shops:
D:3 [

Annotations:
D:4 Edmund


Innate Abilities, Weirdness & Mutations

You have sharp fingernails.
Your body sometimes deteriorates upon taking damage.
Your spells are a little harder to cast, but a little more powerful.


Message History

You are too injured to fight recklessly!
You are too injured to fight recklessly!
You are too injured to fight recklessly!
You are too injured to fight recklessly!
You are too injured to fight recklessly!
You are too injured to fight recklessly!
You are too injured to fight recklessly!
You are too injured to fight recklessly!
You are too injured to fight recklessly!
You barely miss Edmund. You punch Edmund, but do no damage.
Edmund is moderately wounded.
You feel very sick.
Edmund hits you with a +3 flail of venom.
* * * LOW HITPOINT WARNING * * *
Okay, then.
It was a potion of ambrosia.
You are confused.
You feel invigorated.
You feel very sick.
Edmund hits you with a +3 flail of venom!
* * * LOW HITPOINT WARNING * * *
You are more poisoned.
You are too confused!
You are more confused.
You feel more invigorated.
* * * LOW HITPOINT WARNING * * *
You feel very sick.
Edmund hits you with a +3 flail of venom!
* * * LOW HITPOINT WARNING * * *
You are more poisoned.
You are too confused!
It was a potion of cancellation.
Your magical effects are unravelling.
You feel magically purged.
You feel less invigorated.
You feel less confused.
* * * LOW HITPOINT WARNING * * *
You feel extremely sick. Edmund barely misses you.
It was a potion of haste.
You feel yourself speed up.
You die...

#....### #.#.....# #.#.....#
#######.......# #..(.##.......
#............# ###....#..####.#
### #....<@@.......#######..
.........[...†............
###.###...############.... ...
# ####### ##..... ...
#.#<##############......
###.####.#.#...................
.
..>...........................
#.
..######.#.####<####..(......
#.. #.# #.#.# #. ##..........


You could see Edmund.

Vanquished Creatures
  Eustachio (D:4)
  A black bear (D:5)
  A centaur (D:5)
  3 kobold brigands (Sewer)
  Blork the orc (D:4)
  A gnoll shaman (D:5)
  2 hounds (D:5)
  2 orc wizards
  Robin (D:4)
  6 gnolls (D:3)
  8 adders
  3 river rats (Sewer)
  2 worms
  A dart slug (D:4)
  11 orcs
  7 bats
  5 endoplasms
  6 giant cockroaches
  10 hobgoblins
  3 jackals (D:1)
  5 quokkas
  8 ball pythons
  5 frilled lizards
  13 goblins
  10 kobolds
  9 rats
125 creatures vanquished.

Vanquished Creatures (others)
  11 plants (Sewer)
11 creatures vanquished.

Grand Total: 136 creatures vanquished

Notes
Turn   | Place    | Note
-------+----------+-------------------------------------------
     0 | D:1      | Nithhogg the Hill Orc Fighter began the quest for the Orb.
     0 | D:1      | Reached XP level 1. HP: 19/19 MP: 1/1
    53 | D:1      | Upgraded the game from 0.29-a0-283-ga02f740 to
                  | 0.29-a0-322-g68df515
   306 | D:1      | Gained mutation: You are somewhat resistant to further
                  | mutation. [potion of mutation]
   306 | D:1      | Gained mutation: Your flesh is cold resistant. (rC+)
                  | [potion of mutation]
   356 | D:1      | Reached XP level 2. HP: 27/27 MP: 2/2
   658 | D:1      | Reached XP level 3. HP: 33/33 MP: 3/3
   969 | D:1      | Reached skill level 1 in Dodging
  1979 | D:2      | Lost mutation: Your flesh is cold resistant. (rC+) [potion
                  | of mutation]
  1979 | D:2      | Lost mutation: You are somewhat resistant to further
                  | mutation. [potion of mutation]
  1979 | D:2      | Gained mutation: Your body sometimes deteriorates upon
                  | taking damage. [potion of mutation]
  1979 | D:2      | Gained mutation: Your mind is acute. (Int +2) [potion of
                  | mutation]
  1979 | D:2      | Gained mutation: Your spells are a little harder to cast,
                  | but a little more powerful. [potion of mutation]
  2301 | D:3      | Reached XP level 4. HP: 40/40 MP: 4/4
  2577 | D:3      | Found Gexziw's Antique Armour Shoppe.
  2605 | D:3      | Reached XP level 5. HP: 31/47 MP: 5/5
  2770 | D:3      | Found a faded altar of an unknown god.
  3258 | D:3      | Identified a scroll of acquirement
  3258 | D:3      | Acquired the +2 pair of gloves "Lokh" {Rampage}
  3492 | D:3      | Found a hazy altar of Hepliaklqana.
  3492 | D:3      | Found a sparkling altar of Nemelex Xobeh.
  3492 | D:3      | Found a glowing golden altar of the Shining One.
  3492 | D:3      | Found a basalt altar of Yredelemnul.
  3499 | D:3      | Found a blossoming altar of Fedhas.
  3499 | D:3      | Found a shimmering blue altar of Sif Muna.
  3710 | D:4      | Noticed Edmund
  3711 | D:4      | Found a snail-covered altar of Cheibriados.
  3765 | D:4      | Noticed Robin
  3767 | D:4      | Noticed Blork the orc
  3784 | D:4      | Killed Blork the orc
  3785 | D:4      | Reached skill level 5 in Fighting
  3785 | D:4      | Reached XP level 6. HP: 32/56 MP: 6/6
  3795 | D:4      | Killed Robin
  3981 | D:4      | Found an ornate altar of the Wu Jian Council.
  4043 | D:4      | You fall into a shaft and drop 1 floor!
  4043 | D:5      | Entered Level 5 of the Dungeon
  4043 | D:5      | Found a glowing drain.
  4089 | D:5      | Reached skill level 5 in Axes
  4089 | D:5      | Reached skill level 5 in Armour
  4295 | Sewer    | Entered a sewer
  4315 | Sewer    | Reached XP level 7. HP: 42/61 MP: 7/7
  5164 | D:5      | Identified the +5 chain mail of Jigsaw {rC+ Str+2 Int+3
                  | Dex-2}
  5564 | D:5      | Lost mutation: Your mind is acute. (Int +2) [potion of
                  | mutation]
  5564 | D:5      | Lost mutation: Your spells are a little harder to cast, but
                  | a little more powerful. [potion of mutation]
  5564 | D:5      | Gained mutation: Your spells are a little harder to cast,
                  | but a little more powerful. [potion of mutation]
  5564 | D:5      | Gained mutation: You have sharp fingernails. [potion of
                  | mutation]
  5661 | D:5      | Reached XP level 8. HP: 49/71 MP: 8/8
  5685 | D:4      | Noticed Eustachio
  5703 | D:4      | Killed Eustachio
  5907 | D:4      | HP: 3/71 [poisoned by Edmund]
  5908 | D:4      | Succumbed to Edmund's poison

Illustrated notes

Levels and vault maps discovered:
D:1:      dpeg_arrival_arbitrary_a, layout_basic
D:2:      layout_loops_corners, minmay_tromino_v4_b
D:3:      layout_basic, minmay_overflow_temple_hex, serial_shops,
          nicolae_shop_temple_entry_statues_fountains,
          hellmonk_ecumenical_altar_lost_god
D:4:      layout_basic, mainiacjoe_overflow_catch_the_wave,
          minmay_fractal_squares_gapless_5, uniq_edmund, uniq_blork_the_orc,
          uniq_eustachio, uniq_robin
D:5:      minmay_skewed_foursquare, layout_basic, gup_sewer_entry_glass

Skill      XL: |  1  2  3  4  5  6  7  8 |
---------------+-------------------------+-----
Axes           | 3 4 5 6 |  6.5
Fighting       | 4 5 6 |  6.6
Dodging        | 1 2 3 |  3.6
Armour         | 4 5 6 |  6.1
Shields        | |  3.2

Action                   |  1- 3 |  4- 6 |  7- 9 || total
-------------------------+-------+-------+-------++-------
Melee: War axe           |   119 |   149 |   139 ||   407
       Punch             |       |     1 |     3 ||     4
  Use: Potion            |     3 |     1 |     8 ||    12
       Scroll            |       |     8 |     2 ||    10
Armor: Scale mail        |    49 |   135 |   141 ||   325
       Leather armour    |       |       |     2 ||     2
Dodge: Dodged            |    72 |   114 |   114 ||   300

Table legend: (Time is in decaauts)
 A = Elapsed time spent in this place.
 B = Non-inter-level travel time spent in this place.
 C = Inter-level travel time spent in this place.
 D = Time resting spent in this place.
 E = Time spent auto-exploring this place.
 F = Levels seen in this place.
 G = Mean time per level.
                   A        B        C        D        E       F      G
               +--------+--------+--------+--------+--------+-----+--------+
         Total |   6169 |   6095 |     74 |    193 |   4789 |   6 | 1028.2 |
       Dungeon |   5193 |   5119 |     74 |    193 |   4024 |   5 | 1038.6 |
         Sewer |    975 |    975 |      0 |      0 |    765 |   1 |  975.0 |
               +--------+--------+--------+--------+--------+-----+--------+

Top non-repeatable levels by time:
     D:3: 1435 daAuts
     D:2: 1260 daAuts
     D:1: 1078 daAuts
   Sewer: 975 daAuts
     D:4: 928 daAuts
     D:5: 490 daAuts
